 Dungeon Crawl Stone Soup version 0.31-a0-200-gbc41564c69 (webtiles) character file.

Game seed: 9967981566501325473

772 qw the Skirmisher (level 7, -4/40 HPs)
             Began as a Deep Elf Hunter on June 25, 2023.
             Slain by an ice beast (13 damage)
             ... on level 5 of the Dungeon.
             The game lasted 00:01:46 (4293 turns).

qw the Skirmisher (Deep Elf Hunter)                 Turns: 4293, Time: 00:01:46

Health: -4/40      AC:  6    Str: 13    XL:     7   Next: 53%
Magic:  9/9        EV: 14    Int: 14    God:
Gold:   121        SH:  0    Dex: 18    Spells: 6/6 levels left

rFire   + . .        Y - +0 shortbow
rCold   . . .        (shield currently unavailable)
rNeg    . . .        l - +1 leather armour of the Maze {Fly rF+ Str+3 Stlth-}
rPois   .            h - +0 helmet
rElec   .            (no cloak)
rCorr   .            (no gloves)
SInv    .            a - +0 pair of boots
Will    .....        (no amulet)
Stlth   +            (no ring)
HPRegen 0.26/turn    (no ring)
MPRegen 0.11/turn

%: no passive effects
@: flying
A: no striking features
a: no special abilities


You were on level 5 of the Dungeon.
You visited 1 branch of the dungeon, and saw 5 of its levels.

You collected 181 gold pieces.
You spent 60 gold pieces at shops.


   Skills:
 - Level 2.5 Fighting
 + Level 11.0 Ranged Weapons
 - Level 4.4 Dodging
 - Level 1.2 Stealth


You had 6 spell levels left.
You didn't know any spells.
Your spell library was empty.

Inventory:

Hand Weapons
 Y - a +0 shortbow (weapon)
Armour
 a - a +0 pair of boots (worn)
 f - a +0 ring mail
 h - a +0 helmet (worn)
 l - the +1 leather armour of the Maze (worn) {Fly rF+ Str+3 Stlth-}
   (You took it off a goblin on level 3 of the Dungeon)

   Str:       It affects your strength (+3).
   rF:        It protects you from fire.
   Fly:       It grants you flight.
   Stlth:     It makes you less stealthy.
Wands
 j - a wand of digging (1)
Scrolls
 b - 2 scrolls of identify
Potions
 c - a potion of cancellation
 e - a potion of enlightenment
 g - a potion of might
 k - a potion of resistance {unknown}

Dungeon Overview and Level Annotations

Branches:
Dungeon (5/15)
 Temple: D:4-7

Altars:
Elyvilon

Shops:
D:3 [?   D:4 =


Message History

An orc comes into view. It is wielding a +0 whip.
The orc shouts!
You shoot an arrow. The arrow hits the orc.
The orc is heavily wounded.
You shoot an arrow. The arrow hits the orc.
You kill the orc!
An ice beast comes into view.
Things that are here:
a +0 whip; a +0 leather armour; a scroll labelled XEEMYZUST You shoot an arrow.
The arrow hits the ice beast but does no damage.
You shoot an arrow. The arrow hits the ice beast.
The ice beast is lightly wounded.
You shoot an arrow. The arrow hits the ice beast.
The ice beast is lightly wounded.
You shoot an arrow. The arrow hits the ice beast.
The ice beast is moderately wounded.
You shoot an arrow.
The arrow hits the ice beast but does no damage.
The ice beast is moderately wounded.
You shoot an arrow.
The arrow hits the ice beast but does no damage.
The ice beast is moderately wounded.
The ice beast hits you. The ice beast freezes you!
You shoot an arrow. The arrow hits the ice beast.
The ice beast is heavily wounded.
You shoot an arrow. The arrow barely misses the ice beast.
The ice beast hits you. The ice beast freezes you!
You shoot an arrow. The arrow closely misses the ice beast.
The ice beast hits you but does no damage.
You shoot an arrow. The arrow hits the ice beast.
The ice beast is severely wounded.
The ice beast hits you. The ice beast freezes you.
You shoot an arrow. The arrow barely misses the ice beast.
The ice beast barely misses you.
You shoot an arrow.
The arrow hits the ice beast but does no damage.
The ice beast is severely wounded.
The ice beast hits you. The ice beast freezes you!
You die...

#.# #.# ..# ##.. .
..# ..### #.#
#.#.#.##.####.###
##........@Y......
.........####.###
##.......<####.#
####.........>....#
.....#........#####
#..........#
..#####.........####
.......<.#.###.....#
#.######.#.###.###.#


You could see an ice beast.

Vanquished Creatures
  Sigmund (D:3)
  An ogre (D:4)
  A phantom (D:4)
  2 kobold brigands (D:3)
  A scorpion (D:3)
  A hound (D:4)
  Natasha (thrice) (D:4)
  4 adders
  An ufetubus (D:4)
  5 worms
  5 dart slugs
  11 orcs
  7 endoplasms
  2 giant cockroaches (D:1)
  6 goblins
  10 hobgoblins
  A quokka (D:2)
  3 ball pythons
  4 bats
  6 frilled lizards
  15 kobolds
  4 rats
94 creatures vanquished.

Notes
Turn   | Place    | Note
-------+----------+-------------------------------------------
     0 | D:1      | qw the Deep Elf Hunter began the quest for the Orb.
     0 | D:1      | Reached XP level 1. HP: 12/12 MP: 3/3
     0 | D:1      | 0 ||| qw: Version: 0.3-a-22-g0ed2b0b
     0 | D:1      | 0 ||| qw: Game counter: 5572
     0 | D:1      | 0 ||| qw: Melee chars always use a shield: true
     0 | D:1      | 0 ||| qw: God list: Okawaru
     0 | D:1      | 0 ||| qw: Allow faded altars: false
     0 | D:1      | 0 ||| qw: Do Orc after clearing Dungeon:15 true
     0 | D:1      | 0 ||| qw: Do second Lair branch before Depths: true
     0 | D:1      | 0 ||| qw: Lair rune preference: random
     0 | D:1      | 0 ||| qw: Goals: Normal
     0 | D:1      | 0 ||| PLANNING D:1-11
   104 | D:1      | Reached XP level 2. HP: 16/16 MP: 4/4
   203 | D:1      | Reached skill level 6 in Ranged Weapons
   203 | D:1      | 203 ||| FLEEEEING.
   207 | D:1      | 207 ||| FLEEEEING.
   208 | D:1      | 208 ||| FLEEEEING.
   209 | D:1      | 209 ||| FLEEEEING.
   210 | D:1      | 210 ||| FLEEEEING.
   211 | D:1      | 211 ||| FLEEEEING.
   212 | D:1      | 212 ||| FLEEEEING.
   213 | D:1      | 213 ||| FLEEEEING.
   214 | D:1      | 214 ||| FLEEEEING.
   215 | D:1      | 215 ||| FLEEEEING.
   216 | D:1      | 216 ||| FLEEEEING.
   217 | D:1      | 217 ||| FLEEEEING.
   218 | D:1      | 218 ||| FLEEEEING.
   219 | D:1      | 219 ||| FLEEEEING.
   223 | D:1      | 223 ||| FLEEEEING.
   224 | D:1      | 224 ||| FLEEEEING.
   724 | D:1      | 724 ||| UPGRADING to +0 ring mail.
   734 | D:1      | 734 ||| DROPPING +0 leather armour.
   735 | D:1      | 735 ||| READING 2 scrolls labelled YQOILU LULA MAEWA.
   736 | D:1      | 736 ||| DROPPING scroll of amnesia.
   737 | D:1      | 737 ||| DROPPING scroll of butterflies.
   913 | D:2      | Reached XP level 3. HP: 19/20 MP: 5/5
  1087 | D:2      | Reached skill level 7 in Ranged Weapons
  1102 | D:2      | HP: 5/20 [hobgoblin/sling bullet (4)]
  1103 | D:2      | 1103 ||| DRINKING 2 potions of heal wounds.
  1108 | D:2      | HP: 2/20 [worm (9)]
  1109 | D:2      | 1109 ||| DRINKING potion of heal wounds.
  1450 | D:2      | Reached XP level 4. HP: 25/25 MP: 6/6
  1519 | D:2      | 1519 ||| UPGRADING to +0 pair of boots.
  1524 | D:2      | 1524 ||| READING scroll labelled PECUTA EFOAST.
  1525 | D:2      | 1525 ||| READING scroll labelled FACWOS LOHOU.
  1527 | D:2      | 1527 ||| Stepping ~*~*~tactically~*~*~ (cloud).
  1615 | D:3      | Noticed a scorpion
  1621 | D:3      | Killed a scorpion
  1622 | D:3      | Reached skill level 8 in Ranged Weapons
  1636 | D:3      | Noticed a kobold brigand
  1670 | D:3      | Found Foufar's Magic Scroll Shoppe.
  1679 | D:3      | 1679 ||| BUYING 2 scrolls of identify (40 gold).
  1679 | D:3      | Bought 2 scrolls of identify for 40 gold pieces
  1679 | D:3      | 1679 ||| BUYING scroll of identify (20 gold).
  1679 | D:3      | Bought a scroll of identify for 20 gold pieces
  1865 | D:3      | Reached XP level 5. HP: 29/29 MP: 7/7
  1907 | D:3      | Reached skill level 9 in Ranged Weapons
  1944 | D:3      | 1944 ||| FLEEEEING.
  2059 | D:3      | Reached XP level 6. HP: 36/36 MP: 8/8
  2098 | D:3      | Identified the +1 leather armour of the Maze {Fly rF+ Str+3
                  | Stlth-}
  2160 | D:3      | Found Ureygyegh's Antique Armour Boutique.
  2162 | D:3      | Noticed Sigmund
  2170 | D:3      | Killed Sigmund
  2171 | D:3      | Reached skill level 10 in Ranged Weapons
  2196 | D:3      | 2196 ||| SHOPLISTING pair of fading gloves (294 gold, have
                  | 58).
  2196 | D:3      | 2196 ||| SHOPLISTING pair of gloves (139 gold, have 58).
  2490 | D:3      | 2490 ||| UPGRADING to +1 leather armour of the Maze {Fly
                  | rF+ Str+3 Stlth-}.
  2500 | D:3      | 2500 ||| READING scroll labelled ITWI ENAJOANK.
  2501 | D:3      | 2501 ||| READING scroll labelled TARIETHRUPP.
  2502 | D:3      | 2502 ||| READING scroll labelled ZUCVONKI HOHOTA.
  2505 | D:3      | 2505 ||| DRINKING 2 puce potions.
  2545 | D:3      | 2545 ||| DRINKING 2 amethyst potions.
  2546 | D:3      | 2546 ||| READING 5 scrolls of identify.
  2546 | D:3      | 2546 ||| IDENTIFYING sedimented green potion
  2547 | D:3      | 2547 ||| READING 4 scrolls of identify.
  2547 | D:3      | 2547 ||| IDENTIFYING viscous purple potion
  2548 | D:3      | 2548 ||| DROPPING potion of lignification.
  2549 | D:3      | 2549 ||| DROPPING potion of berserk rage.
  2623 | D:4      | 2623 ||| FLEEEEING.
  2624 | D:4      | 2624 ||| FLEEEEING.
  2625 | D:4      | 2625 ||| FLEEEEING.
  2626 | D:4      | 2626 ||| FLEEEEING.
  2627 | D:4      | 2627 ||| FLEEEEING.
  2628 | D:4      | 2628 ||| FLEEEEING.
  2629 | D:4      | 2629 ||| FLEEEEING.
  2630 | D:4      | 2630 ||| FLEEEEING.
  2631 | D:4      | 2631 ||| FLEEEEING.
  2632 | D:4      | 2632 ||| FLEEEEING.
  2633 | D:4      | 2633 ||| FLEEEEING.
  2634 | D:4      | 2634 ||| FLEEEEING.
  2635 | D:4      | 2635 ||| FLEEEEING.
  2636 | D:4      | 2636 ||| STAIRDANCE
  2681 | D:4      | 2681 ||| STAIRDANCE
  2832 | D:4      | Noticed Natasha
  2835 | D:4      | Killed Natasha
  2836 | D:4      | Reached skill level 3 in Dodging
  2899 | D:4      | Noticed Natasha
  2909 | D:4      | Killed Natasha
  2910 | D:4      | Reached XP level 7. HP: 29/40 MP: 9/9
  3222 | D:4      | Found Ywoecish's Jewellery Shoppe.
  3229 | D:4      | 3229 ||| SHOPLISTING +5 ring of evasion (360 gold, have
                  | 92).
  3229 | D:4      | 3229 ||| SHOPLISTING amulet of the Establishment {Acrobat
                  | Str+5} (475 gold, have 92).
  3229 | D:4      | 3229 ||| SHOPLISTING ring of ice (250 gold, have 92).
  3229 | D:4      | 3229 ||| SHOPLISTING ring of positive energy (200 gold,
                  | have 92).
  3229 | D:4      | 3229 ||| SHOPLISTING ring of resist corrosion (200 gold,
                  | have 92).
  3294 | D:4      | Identified the +6 hand axe "Concordance" {flame, rPois
                  | Will+++ Dex+3 Stlth-}
  3472 | D:4      | HP: 4/40 [ogre/+0 giant club (16)]
  3473 | D:4      | 3473 ||| DRINKING potion of heal wounds.
  3641 | D:4      | Noticed Natasha
  3650 | D:4      | Killed Natasha
  3651 | D:4      | Reached skill level 11 in Ranged Weapons
  3961 | D:4      | Found a white marble altar of Elyvilon.
  4207 | D:4      | 4207 ||| UPGRADING to +0 helmet.
  4212 | D:4      | 4212 ||| READING 3 scrolls of identify.
  4212 | D:4      | 4212 ||| IDENTIFYING glowing grey potion
  4213 | D:4      | 4213 ||| READING 2 scrolls of identify.
  4213 | D:4      | 4213 ||| IDENTIFYING inky potion
  4214 | D:4      | 4214 ||| DROPPING potion of degeneration.
  4223 | D:5      | Entered Level 5 of the Dungeon
  4224 | D:5      | 4224 ||| PLANNING SEWER
  4246 | D:5      | 4246 ||| FLEEEEING.
  4247 | D:5      | 4247 ||| FLEEEEING.
  4248 | D:5      | 4248 ||| FLEEEEING.
  4249 | D:5      | 4249 ||| FLEEEEING.
  4293 | D:5      | HP: 9/40 [ice beast (4)]
  4293 | D:5      | Slain by an ice beast

Levels and vault maps discovered:
D:1:      dpeg_arrival_tiny_a, layout_basic
D:2:      layout_basic
D:3:      cheibrodos_thug_alley, layout_loops_ring, serial_shops, shop, shop,
          uniq_sigmund
D:4:      layout_layer_cave, marbit_many_paths, serial_shops, shop, uniq_natasha
D:5:      layout_loops_ring, cheibrodos_sewer_entry_drain

Skill      XL: |  1  2  3  4  5  6  7 |
---------------+----------------------+-----
Ranged Weapons | 6 7 8 9 10 11 | 11.0
Fighting       | 2 |  2.5
Dodging        | 3 4 |  4.4
Stealth        | |  1.2

Action                     |  1- 3 |  4- 6 |  7- 9 || total
---------------------------+-------+-------+-------++-------
   Fire: Shortbow          |   140 |   158 |    91 ||   389
    Use: Scroll            |     1 |     7 |     2 ||    10
         Potion            |     2 |     2 |     1 ||     5
 Armour: Ring mail         |    18 |    15 |       ||    33
         Leather armour    |     1 |     4 |     7 ||    12
  Dodge: Dodged            |    32 |    33 |    14 ||    79

Table legend:
 A = Non-vault XP
 B = Vault XP
 C = Vault XP percentage of total XP
 D = Non-vault monster count
 E = Vault monster count
 F = Vault count percentage of total count
                 A         B        C        D         E       F
            +---------+---------+-------+---------+---------+-------
      Total |     639 |     464 |  42.1 |      80 |      14 |  14.9
            +---------+---------+-------+---------+---------+-------
        D:1 |      31 |       0 |   0.0 |      16 |       0 |   0.0
        D:2 |      77 |       0 |   0.0 |      20 |       0 |   0.0
        D:3 |     133 |     427 |  76.2 |      23 |      12 |  34.3
        D:4 |     391 |      37 |   8.6 |      19 |       2 |   9.5
        D:5 |       7 |       0 |   0.0 |       2 |       0 |   0.0
            +---------+---------+-------+---------+---------+-------
